 Dungeon Crawl Stone Soup version 0.16-a0-3187-geb38783 (webtiles) character file.

9 PolkaDot the Caller (level 2, 0/20 HPs)
             Began as a Vampire Summoner on Dec 17, 2014.
             Killed from afar by a white imp (7 damage)
             ... with a puff of frost
             ... summoned by the player character
             ... on level 2 of the Dungeon.
             The game lasted 00:01:40 (681 turns).

PolkaDot the Caller (Vampire Summoner)               Turns: 681, Time: 00:01:41

Health: 0/20       AC:  2    Str:  7    XL:     2   Next: 6%
Magic:  0/4        EV: 12    Int: 17    God:
Gold:   112        SH:  0    Dex: 14    Spells: 2 memorised, 2 levels left

rFire  . . .     SeeInvis +     f - +0 dagger
rCold  . . .     Clarity  .     a - +0 robe
rNeg   + . .     SustAb   .     (no shield)
rPois  .         Gourm    .     (no helmet)
rElec  .         Spirit   .     (no cloak)
rCorr  .         Warding  .     (no gloves)
rMut   .         Stasis   .     (no boots)
MR     .....                    (no amulet)
Stlth  ++........               (no ring)
                                (no ring)

@: not resistant to hostile enchantments, unstealthy
A: bottle blood, fangs 3, see invisible, unbreathing
a: no special abilities


You were on level 2 of the Dungeon.
You were not thirsty.

You visited 1 branch of the dungeon, and saw 2 of its levels.

You collected 112 gold pieces.

Inventory:

Hand weapons
 f - a +0 dagger (weapon)
Armour
 a - a +0 robe (worn)
Scrolls
 e - a scroll of immolation {unknown}
 g - a scroll of enchant armour {unknown}
 h - a scroll of fog {unknown}
Potions
 c - a potion of cure mutation {unknown}
 d - a potion of mutation {unknown}
 i - a potion of agility {unknown}
Books
 b - a book of Callings

   Spells                             Type                      Level
   a - Summon Small Mammal            Summoning                    1
   b - Call Imp                       Summoning                    2
   c - Call Canine Familiar           Summoning                    3
   d - Summon Guardian Golem          Hexes/Summoning              4
   e - Summon Lightning Spire         Summoning/Air                4
   f - Summon Ice Beast               Ice/Summoning                4


   Skills:
 - Level 0.6 Fighting
 * Level 1.0 Short Blades
 + Level 2.3 Dodging
 - Level 3.0 Stealth
 + Level 2.0 Spellcasting
 - Level 4.0 Summonings


You had 2 spell levels left.
You knew the following spells:

 Your Spells              Type           Power        Failure   Level  Hunger
s - Call Imp              Summ           ###.....     6%          2    ###....
z - Summon Small Mammal   Summ           ###.         3%          1    #......


Dungeon Overview and Level Annotations

Branches:
Dungeon (2/15)

Altars:


Innate Abilities, Weirdness & Mutations

You can bottle blood from corpses.
You have razor-sharp teeth.
You have supernaturally acute eyesight.
You can survive without breathing.


Message History

The adder barely misses you.
Your white imp misses the adder.
You completely miss the adder.
The adder is moderately wounded.
The adder bites you.
* * * LOW HITPOINT WARNING * * *
You hit the adder but do no damage.
The adder is moderately wounded.
The adder misses you.
Your white imp misses the adder.
Your white imp closely misses the adder.
The adder misses you.
You miss the adder.
The adder is moderately wounded.
Your white imp closely misses the adder.
Your white imp hits the adder.
Your white imp freezes the adder.
The adder bites you but does no damage.
You barely miss the adder.
The adder is severely wounded.
Your white imp gestures at the adder.
The puff of frost misses the adder.
The puff of frost hits you!
You die...

##..#..# ##### ...#
####.##.##......
#...###.....#.........
#....#.......#........
##.....................
......................
....#.................
###.#.#..........5.......
<##.#.#....<....@S5%.....
....#.#..................
#.#...........##....?...
........................
#.#...#...##...#........
#..(..........##.......
###...................
#.#......#.####....
#.#....... .


You could see an adder and 2 friendly white imps.

Vanquished Creatures
  3 bats (D:1)
  A giant cockroach (D:1)
  A hobgoblin (D:1)
  A ball python (D:1)
  A giant newt (D:1)
  A goblin (D:1)
  A kobold (D:1)
  A rat (D:1)
10 creatures vanquished.

Notes
Turn   | Place    | Note
--------------------------------------------------------------
     0 | D:1      | PolkaDot, the Vampire Summoner, began the quest for the Orb.
     0 | D:1      | Reached XP level 1. HP: 13/13 MP: 3/3
   537 | D:1      | Reached XP level 2. HP: 20/20 MP: 4/4
   557 | D:1      | Reached skill level 1 in Short Blades
   639 | D:1      | Learned a level 2 spell: Call Imp
   681 | D:2      | Killed from afar by a white imp

Action                   || total
-------------------------++-------
Melee: Dagger            ||    32
       Unarmed           ||    12
 Cast: Call Imp          ||     2
  Use: Potion            ||     1
  Eat: Corpse            ||     1
